 Dungeon Crawl Stone Soup version 0.22-a0-274-gf8199ec (webtiles) character file.

57 varam the Sneak (level 3, -2/16 HPs)
             Began as a Spriggan Enchanter on Mar 13, 2018.
             Slain by a worm (10 damage)
             ... on level 2 of the Dungeon.
             The game lasted 00:04:20 (1909 turns).

varam the Sneak (Spriggan Enchanter)                Turns: 1909, Time: 00:04:20

Health: -2/16      AC:  2    Str:  5    XL:     3   Next: 73%
Magic:  1/8        EV: 18    Int: 16    God:
Gold:   18         SH:  0    Dex: 16    Spells: 4/7 levels left

rFire    . . .     SeeInvis +   c - +0 short sword
rCold    . . .     Gourm    .   (shield restricted)
rNeg     . . .     Faith    .   b - +0 robe
rPois    .         Spirit   .   (helmet restricted)
rElec    .         Reflect  .   (no cloak)
rCorr    .         Harm     .   (gloves unavailable)
MR       .....                  (boots unavailable)
Stlth    +++.......             (no amulet)
HPRegen  0.05/turn              (no ring)
MPRegen  0.11/turn              (no ring)

@: very quick
A: very small, unfitting armour, see invisible, herbivore, speed 3, slow
metabolism 2
a: no special abilities


You were on level 2 of the Dungeon.
You were not hungry.

You visited 1 branch of the dungeon, and saw 2 of its levels.

You collected 18 gold pieces.

Inventory:

Hand Weapons
 a - a +1 dagger
 c - a +0 short sword (weapon)
Armour
 b - a +0 robe (worn)
Wands
 o - a wand of polymorph (10)
Scrolls
 j - a scroll of enchant armour {unknown}
 l - a scroll of magic mapping {unknown}
 n - a scroll of fear {unknown}
 p - a scroll of remove curse {unknown}
 q - a scroll of identify {unknown}
Potions
 e - a potion of curing {unknown}
 f - 2 potions of brilliance {unknown}
 g - 2 potions of cancellation {unknown}
 h - a potion of flight {unknown}
 i - 3 potions of haste {unknown}
 k - a potion of mutation {unknown}
 m - 2 potions of agility {unknown}
Comestibles
 d - 3 rations


   Skills:
 * Level 3.2 Short Blades
 - Level 3.0 Dodging
 + Level 5.7 Stealth
 - Level 2.6 Spellcasting
 - Level 3.6 Hexes


You had 4 spell levels left.
You knew the following spells:

 Your Spells              Type           Power        Failure   Level  Hunger
a - Corona                Hex            ##.....      4%          1    #......
b - Ensorcelled Hibernat  Hex/Ice        #.....       14%         2    ##.....


Dungeon Overview and Level Annotations

Branches:
Dungeon (2/15)

Altars:

Annotations:
D:2 Sigmund


Innate Abilities, Weirdness & Mutations

You are very small and have problems with some larger weapons.
You are too small for most types of armour.
You have supernaturally acute eyesight. (SInv)
You are a herbivore.
You cover ground extremely quickly.
You need to consume almost no food.


Message History

You hit the worm but do no damage.
The worm is moderately wounded.
You hit the worm but do no damage.
The worm is moderately wounded.
The worm completely misses you.
You hit the worm.
The worm is severely wounded.
The worm barely misses you.
You hit the worm but do no damage.
The worm is severely wounded.
You hit the worm but do no damage.
The worm is severely wounded.
The worm closely misses you.
You hit the worm.
The worm is almost dead.
You hit the worm.
The worm is almost dead.
The worm bites you!
Ouch! That really hurt!
You die...

..#..#.S #.######
..##.#.. ..#.### #......
####.#... .......#.....#
#........ ......#..?..#
#.##..... ..#...#.....#
#.....#.# .#......r...#
#.#...#.####.#..# #.....#
..#..........#..###.....#
..##.........#..@w†....##
...........<.#(.########
.......>....##..)......#
.##.#.......##..######.#
(.......#....#..#
.(#.###.#.......#
#.#..........##)#
#.#..##.#.##.##<#
#.#..##.#.....###


You could see a worm.

Vanquished Creatures
  2 adders (D:2)
  A dart slug (D:1)
  A leopard gecko (D:2)
  2 bats
  3 giant cockroaches
  3 goblins (D:1)
  4 hobgoblins
  6 jackals (D:1)
  3 frilled lizards
  5 kobolds
  4 rats
34 creatures vanquished.

Notes
Turn   | Place    | Note
-------+----------+-------------------------------------------
     0 | D:1      | varam the Spriggan Enchanter began the quest for the Orb.
     0 | D:1      | Reached XP level 1. HP: 9/9 MP: 5/5
   334 | D:1      | Reached XP level 2. HP: 6/13 MP: 3/6
   338 | D:1      | Learned a level 2 spell: Ensorcelled Hibernation
   504 | D:1      | Reached skill level 5 in Stealth
   621 | D:1      | Reached skill level 2 in Short Blades
  1164 | D:1      | Reached XP level 3. HP: 9/16 MP: 8/8
  1310 | D:2      | Noticed Sigmund
  1550 | D:2      | Reached skill level 3 in Short Blades
  1909 | D:2      | Slain by a worm

Vault maps used:
D:1:      dpeg_arrival_connections
D:2:      chequers_ecumenical_altar_island, first_ration, uniq_sigmund

Skill      XL: |  1  2  3 |
---------------+----------+-----
Stealth        | 5 |  5.7
Short Blades   | 2 3 |  3.2
Dodging        | |  3.0
Spellcasting   | |  2.6
Hexes          | |  3.6

Action                   || total
-------------------------++-------
Melee: Short sword       ||   114
       Dagger            ||    17
 Cast: Corona            ||    16
       Ensorcelled Hiber ||    10
 Stab: Sleeping          ||    14
Armor: Robe              ||    14
Dodge: Dodged            ||   107

Table legend:
 A = Spawn XP
 B = Non-spawn XP
 C = Spawn XP percentage of total XP
 D = Spawn monster count
 E = Non-spawn monster count
 F = Spawn count percentage of total count
 G = Total turns spent on level
                    A         B        C        D         E        F      G
               +---------+---------+-------+---------+---------+-------+---------
         Total |       0 |      82 |   0.0 |       0 |      34 |   0.0 |  1909
               +---------+---------+-------+---------+---------+-------+---------
           D:1 |       0 |      39 |   0.0 |       0 |      21 |   0.0 |  1190
           D:2 |       0 |      43 |   0.0 |       0 |      13 |   0.0 |   719
               +---------+---------+-------+---------+---------+-------+---------
